AoeStats
← plwhaley

Highland

504542111Analyzed
3v3 RM · 28d ago on Sep 5, 2026· 73m 31s· 6 players
Game mode
Random Map
Map size
Normal (6 player)
Population
200
Speed
Normal
Resources
Standard
Victory
Conquest
Starting age
Dark Age
Ending age
Imperial Age
RankedLock teamsTeams togetherTeam positionsShared explorationLock speedFull tech treeHidden civsTurbo modeCheats
Victory
Defeat
🇩🇪 Britons · Germany
863
+18
🇩🇪 Persians · Germany
861
+18
🇩🇪 Celts · Germany
860
+18
🇬🇷 Byzantines · Greece
962
-20
🇸🇪 Britons · Sweden
913
-18
🇺🇸 Spanish · United States
846
-16
villenorrman
7:59 Loom
10:13 Feudal Age
14:09 Double-Bit Axe
17:18 Town Watch
21:19 Castle Age
19:43 Horse Collar
23:10 Wheelbarrow
22:18 Pikeman
23:13 Medium Warships
23:06 Fletching
23:18 Scale Mail Armor
23:46 Squires
23:45 Arson
25:08 Hand Cart
27:38 Padded Archer Armor
27:49 Forging
29:05 Ballistics
30:15 Bow Saw
31:42 Bodkin Arrow
35:50 Imperial Age
36:47 Town Patrol
37:51 Yeomen
36:57 Elite Skirmisher
37:49 Halberdier
40:33 Heavy Plow
41:11 Bracer
43:31 Chemistry
43:03 Conscription
43:24 Caravan
45:13 Elite Longbowman
54:52 Warwolf
64:20 Leather Archer Armor
64:21 Chain Mail Armor
66:31 Light Cavalry
67:29 Scale Barding Armor
70:12 Chain Barding Armor
70:28 Iron Casting
70:03 Husbandry
Alexmaximos
7:34 Loom
10:44 Feudal Age
11:46 Double-Bit Axe
11:42 Horse Collar
14:30 Fletching
19:34 Wheelbarrow
22:38 Castle Age
21:31 Gold Mining
23:34 Heavy Plow
23:46 Bow Saw
23:54 Hand Cart
32:49 Imperial Age
30:50 Fortified Wall
30:31 Fishing Lines
33:11 Crossbowman
33:51 Bodkin Arrow
33:57 Padded Archer Armor
35:11 Two-Man Saw
35:46 Gold Shaft Mining
35:02 Stone Mining
34:46 Elite Cataphract
36:22 Crop Rotation
35:38 Arbalester
37:36 Conscription
39:11 Elite Skirmisher
39:57 Thumb Ring
40:15 Ballistics
40:55 Chemistry
39:52 Murder Holes
39:37 Treadmill Crane
42:04 Caravan
46:35 Hoardings
51:44 Greek Fire
56:57 Bracer
57:13 Leather Archer Armor
57:10 Forging
57:06 Scale Barding Armor
62:34 Light Cavalry
63:16 Husbandry
64:11 Hussar
66:40 Ring Archer Armor
66:32 Chain Barding Armor
66:13 Scale Mail Armor
66:49 Iron Casting
71:40 Squires
71:26 Arson
72:10 Clinker Construction
72:20 Careening
plwhaley
12:13 Feudal Age
14:10 Horse Collar
14:17 Double-Bit Axe
19:11 Castle Age
23:26 Caravan
24:02 Town Watch
26:54 Bow Saw
28:24 Heavy Plow
31:38 Wheelbarrow
33:04 Hand Cart
35:22 Imperial Age
34:50 Fletching
35:00 Padded Archer Armor
35:11 Forging
35:06 Scale Barding Armor
35:46 Bodkin Arrow
35:43 Elite Conquistador
36:57 Leather Archer Armor
37:31 Hand Cart
38:13 Conscription
39:30 Husbandry
39:40 Bloodlines
39:37 Cavalier
40:12 Gold Mining
41:12 Paladin
61:30 Man-at-Arms
61:56 Gambesons
62:16 Squires
62:09 Long Swordsman
63:00 Two-Handed Swordsman
63:42 Champion
blablaxx
10:52 Feudal Age
9:07 Loom
11:33 Double-Bit Axe
13:40 Horse Collar
18:40 Castle Age
18:44 Scale Barding Armor
18:49 Forging
18:32 Light Cavalry
22:50 Wheelbarrow
26:09 Chain Barding Armor
27:26 Hand Cart
26:57 Town Watch
27:50 Crossbowman
28:26 Fletching
28:36 Padded Archer Armor
29:40 Iron Casting
29:07 Husbandry
29:17 Bloodlines
30:46 Kamandaran
30:49 Gold Mining
32:26 Thumb Ring
37:02 Bow Saw
38:07 Bodkin Arrow
38:28 Leather Archer Armor
44:01 Imperial Age
43:24 Ballistics
43:00 Murder Holes
43:17 Masonry
44:16 Heavy Plow
44:03 Cavalier
45:30 Ring Archer Armor
46:01 Blast Furnace
45:36 Plate Barding Armor
46:43 Chemistry
45:39 Murder Holes
45:59 Masonry
45:57 Savar
46:49 Heavy Camel Rider
49:24 Citadels
49:54 Architecture
49:19 Heated Shot
50:32 Hussar
58:28 Two-Man Saw
61:20 Caravan
64:17 Scale Mail Armor
66:02 Guard Tower
Smoothi
10:57 Feudal Age
11:43 Double-Bit Axe
11:40 Horse Collar
12:49 Gold Mining
18:21 Castle Age
17:39 Scale Mail Armor
19:34 Bow Saw
20:26 Fletching
21:34 Heavy Plow
23:08 Bodkin Arrow
29:44 Imperial Age
28:14 Gold Shaft Mining
27:33 Stone Mining
27:40 Pikeman
29:33 Chain Mail Armor
30:01 Masonry
31:06 Wheelbarrow
29:59 Capped Ram
31:58 Loom
32:53 Hand Cart
32:08 Elite Skirmisher
35:23 Plate Mail Armor
34:53 Siege Ram
36:06 Siege Engineers
36:34 Town Watch
37:06 Caravan
37:15 Halberdier
38:45 Scale Barding Armor
40:54 Onager
43:32 Ballistics
43:59 Cavalier
44:39 Husbandry
45:05 Chain Barding Armor
44:47 Padded Archer Armor
52:13 Siege Onager
55:11 Forging
55:18 Leather Archer Armor
57:07 Furor Celtica
57:33 Hoardings
60:34 Paladin
64:56 Ring Archer Armor
65:02 Iron Casting
Majormarvin
13:13 Feudal Age
13:27 Feudal Age
18:21 Double-Bit Axe
18:20 Horse Collar
22:05 Castle Age
22:48 Crossbowman
24:20 Bow Saw
25:11 Fletching
25:31 Forging
25:24 Padded Archer Armor
25:23 Pikeman
26:03 Squires
26:05 Bodkin Arrow
29:12 Heavy Plow
30:12 Leather Archer Armor
33:05 Ballistics
33:25 Gold Mining
38:46 Imperial Age
37:19 Caravan
41:07 Elite Longbowman
42:58 Two-Man Saw
42:09 Bracer
43:08 Wheelbarrow
45:09 Chemistry
44:47 Ring Archer Armor
45:54 Hand Cart
48:18 Onager
50:11 Town Watch
64:02 Hoardings
Connection lost

Rejoining the realm…

Still unreachable

The connection could not be restored.

Session expired

The server has moved on; the page needs a fresh start.